 Dungeon Crawl Stone Soup version 0.17-a0-2171-ga91b4ec (webtiles) character file.

9914 st0uf the Destroyer (level 11, -4/54 HPs)
             Began as a Tengu Conjurer on Oct 25, 2015.
             Was an Elder of Vehumet.
             Slain by an unseen horror (7 damage)
             ... on level 11 of the Dungeon.
             The game lasted 01:31:37 (11738 turns).

st0uf the Destroyer (Tengu Conjurer)               Turns: 11738, Time: 01:31:37

Health: -4/54      AC:  6    Str:  9    XL:     11   Next: 53%
Magic:  37/44      EV: 22    Int: 18    God:    Vehumet [****..]
Gold:   518        SH:  0    Dex: 15    Spells: 7 memorised, 6 levels left

rFire  . . .     SeeInvis .     (no weapon)
rCold  . . .     Clarity  .     y - +2 robe {Archmagi}
rNeg   . . .     SustAt   .     (no shield)
rPois  .         Gourm    .     (helmet restricted)
rElec  .         Spirit   .     (no cloak)
rCorr  .         Warding  .     (no gloves)
rMut   .         Stasis   +     (boots unavailable)
MR     +....                    L - amulet of stasis
Stlth  ++........               f - ring of magical power
                                j - ring of magical power

@: swift, flying quickly and evasively, very slightly contaminated, studying
Hexes, very quick, somewhat resistant to hostile enchantments, unstealthy
A: beak, talons 3, yellow scales 1, high mp 1, magic resistance 1, spit poison
1, able to fly 1
a: Spit Poison, Renounce Religion


You were on level 11 of the Dungeon.
You worshipped Vehumet.
Vehumet was greatly pleased with you.
You were very hungry.

You visited 1 branch of the dungeon, and saw 11 of its levels.

You collected 518 gold pieces.

Inventory:

Missiles
 x - 265 stones (quivered)
Armour
 t - the cursed +1 leather armour of Ruzamm {rC- MP+9 Int+7, unknown}
   (You found it on level 10 of the Dungeon)

   It affects your intelligence (+7).
   It makes you vulnerable to cold.
   It affects your magic capacity (+9).
   It has a curse placed upon it.
 y - a +2 robe of the Archmagi (worn)
Jewellery
 f - a ring of magical power (right hand)
 j - a ring of magical power (left hand)
 r - a +5 ring of evasion
 H - an uncursed ring of stealth {unknown}
 L - an amulet of stasis (around neck)
Wands
 F - a wand of teleportation (2)
 I - a wand of enslavement (6)
 O - a wand of teleportation (6)
Scrolls
 a - a scroll of identify
 h - 4 scrolls of fear
 i - 3 scrolls of remove curse
 l - a scroll of fog
 p - 2 scrolls of amnesia {unknown}
 u - 3 scrolls of teleportation
 C - 2 scrolls of recharging
 D - a scroll of magic mapping {unknown}
Potions
 d - 2 potions of heal wounds {unknown}
 e - a potion of cure mutation {unknown}
 g - 2 potions of invisibility {unknown}
 o - 3 potions of resistance
 q - a potion of magic {unknown}
 s - a potion of poison {unknown}
 v - a potion of cancellation {unknown}
 z - 2 potions of curing {unknown}
 A - a potion of brilliance {unknown}
 B - a potion of berserk rage {unknown}
 E - a potion of might {unknown}
 G - a potion of lignification {unknown}
 J - a potion of agility {unknown}
Books
 b - a book of Conjurations

   Spells                             Type                      Level
   a - Magic Dart                     Conjuration                  1
   b - Searing Ray                    Conjuration                  2
   c - Dazzling Spray                 Conjuration/Hexes            3
   d - Fulminant Prism                Conjuration/Hexes            4
   e - Iskenderun's Mystic Blast      Conjuration                  4
   f - Iskenderun's Battlesphere      Conjuration/Charms           5
 m - a book of Burglary

   Spells                             Type                      Level
   a - Swiftness                      Charms/Air                   2
   b - Passwall                       Transmutation/Earth          3
   c - Passage of Golubria            Translocation                4
   d - Lee's Rapid Deconstruction     Earth                        5
   e - Darkness                       Hexes                        6
   f - Invisibility                   Hexes                        6
 n - a manual of Hexes
 K - a book of Changes

   Spells                             Type                      Level
   a - Beastly Appendage              Transmutation                1
   b - Sticks to Snakes               Transmutation                2
   c - Spider Form                    Transmutation/Poison         3
   d - Ice Form                       Ice/Transmutation            4
   e - Blade Hands                    Transmutation                5
 N - a Young Poisoner's Handbook

   Spells                             Type                      Level
   a - Sting                          Conjuration/Poison           1
   b - Cure Poison                    Poison                       2
   c - Mephitic Cloud                 Conjuration/Poison/Air       3
   d - Olgreb's Toxic Radiance        Poison                       4
   e - Venom Bolt                     Conjuration/Poison           5
Comestibles
 c - 12 bread rations
 k - 8 beef jerkies
 w - 2 meat rations
 M - 7 fruits


   Skills:
 + Level 10.5 Dodging
 - Level 2.0 Stealth
 + Level 7.9 Spellcasting
 - Level 12.9 Conjurations
 - Level 6.1 Hexes
 - Level 8.2 Air Magic


You had 6 spell levels left.
You knew the following spells:

 Your Spells              Type           Power        Failure   Level  Hunger
a - Magic Dart            Conj           ####         1%          1    None
b - Searing Ray           Conj           ######       1%          2    None
c - Iskenderun's Mystic   Conj           ######..     1%          4    ###....
d - Fulminant Prism       Conj/Hex       ######....   1%          4    ###....
e - Swiftness             Chrm/Air       ####....     2%          2    None
f - Static Discharge      Conj/Air       ######..     1%          3    #......
g - Mephitic Cloud        Conj/Pois/Air  #####...     1%          3    #......


Dungeon Overview and Level Annotations

Branches:
Dungeon (11/15)            Temple (0/1) D:7
   Lair: D:8-11         Orc: D:9-12

Altars:
Ashenzari
Gozag
Makhleb
Qazlal
Ru
Trog
Vehumet
The Shining One

Shops:
D:7 (

Annotations:
D:11 axujen's ghost, novice KoBe


Innate Abilities, Weirdness & Mutations

You have a beak for a mouth.
You have claws for feet.
You can fly.
You are partially covered in yellow scales (AC +2).
You have an increased reservoir of magic (+10% MP).
You are resistant to hostile enchantments.
You can spit weak poison.


Message History

Something hits you!
You swoop lightly up into the air.
You feel very comfortable in the air.
You are feeling very hungry.
Something barely misses you. Something barely misses you. Something hits you.
* * * LOW HITPOINT WARNING * * *
Something hits you!
* * * LOW HITPOINT WARNING * * *
Casting: Iskenderun's Mystic Blast
Confirm with . or Enter, or press ? or * to list all spells.
You feel a surge of power!
You miscast Swiftness.
You are very lightly contaminated with residual magic.
Nothing appears to happen.
Something closely misses you.
Casting: Swiftness
Confirm with . or Enter, or press ? or * to list all spells.
You feel a surge of power!
You feel quick. Something hits you!
* * * LOW HITPOINT WARNING * * *
You hit something but do no damage. Something hits you!
You die...

#..$.# #..#
# ##..#.#
#.....#
##†#### #.#
#.#
#######.####
#...$..@...#
#.###......#
#......##
#.#..
###.....#
##...#
#.....####
#..#.###
#........#
#..#.#.#
#..>(.)..#
#..#.#.#
#........#
#..#.#.#
#..≈≈.####


There were no monsters in sight!

Vanquished Creatures
  An unseen horror (D:10)
  A hill giant (D:10)
  An ugly thing (D:11)
  A kobold demonologist (D:11)
  A troll (D:10)
  2 two-headed ogres (D:9)
  6 yaks
  Sigmund (D:5)
  A wyvern (D:8)
  A hungry ghost (D:9)
  A basilisk (D:11)
  A wraith (D:11)
  Grum (D:10)
  4 wolves (D:10)
  Menkaure (D:6)
  A fire elemental (D:10)
  A water moccasin (D:10)
  Duvessa (D:4)
  5 orc warriors
  A black bear (D:9)
  A wasp (D:10)
  An ice beast (D:7)
  A sky beast (D:6)
  5 ogres
  2 centaurs
  6 giant frogs
  An earth elemental (D:10)
  A wyvern skeleton (D:5)
  Dowan (D:4)
  A scorpion (D:6)
  10 wights (D:10)
  5 killer bees (D:8)
  4 hounds
  3 crimson imps
  A jelly (D:10)
  3 giant frog skeletons
  2 iguanas
  3 centaur skeletons
  A gnoll shaman (D:6)
  4 orc priests
  8 orc wizards
  A killer bee zombie (D:7)
  8 worker ants
  A worker ant zombie (D:9)
  16 gnolls
  2 shadow imps (D:10)
  21 adders
  2 adder skeletons (D:5)
  2 worms
  7 giant geckos
  33 orcs
  4 ball pythons
  6 giant cockroaches
  10 hobgoblins
  17 jackals
  15 kobolds
  5 quokkas
  2 ball python skeletons (D:4)
  4 bats
  A giant cockroach zombie (D:5)
  8 giant newts
  12 goblins
  3 rats
  9 fulminant prisms
286 creatures vanquished.

Vanquished Creatures (others)
  An air elemental (D:10)
  A water elemental (D:10)
  A wraith (D:11)
  A hippogriff (D:10)
  A worker ant (D:10)
  49 fulminant prisms
54 creatures vanquished.

Grand Total: 340 creatures vanquished

Notes
Turn   | Place    | Note
--------------------------------------------------------------
     0 | D:1      | st0uf the Tengu Conjurer began the quest for the Orb.
     0 | D:1      | Reached XP level 1. HP: 10/10 MP: 4/4
   251 | D:1      | Reached XP level 2. HP: 15/15 MP: 4/6
   543 | D:1      | Learned a level 2 spell: Searing Ray
   688 | D:1      | Reached XP level 3. HP: 19/19 MP: 5/7
   722 | D:1      | Reached skill level 6 in Conjurations
  1327 | D:2      | Found a stormy altar of Qazlal.
  1433 | D:2      | Reached XP level 4. HP: 24/24 MP: 8/9
  2410 | D:3      | Gained mutation: You can fly. [Tengu growth]
  2410 | D:3      | Reached XP level 5. HP: 28/28 MP: 11/11
  2428 | D:3      | Found a glowing golden altar of the Shining One.
  2500 | D:3      | Reached skill level 7 in Conjurations
  2523 | D:3      | Found a radiant altar of Vehumet.
  2529 | D:3      | Became a worshipper of Vehumet
  2731 | D:3      | Found a burning altar of Makhleb.
  2731 | D:3      | Noticed an Executioner
  2734 | D:3      | Noticed a smoke demon
  2734 | D:3      | Noticed a neqoxec
  2777 | D:3      | Learned a level 4 spell: Iskenderun's Mystic Blast
  2782 | D:3      | Learned a level 4 spell: Fulminant Prism
  3290 | D:4      | Found an opulent altar of Gozag.
  3321 | D:4      | Noticed Dowan
  3352 | D:4      | Killed Dowan
  3352 | D:4      | Reached XP level 6. HP: 32/32 MP: 13/13
  3411 | D:4      | Noticed Duvessa
  3414 | D:5      | Entered Level 5 of the Dungeon
  3470 | D:4      | Reached skill level 8 in Conjurations
  3484 | D:4      | Killed Duvessa
  3539 | D:5      | Noticed Sigmund
  3644 | D:5      | Reached XP level 7. HP: 36/36 MP: 15/15
  3702 | D:5      | Reached skill level 5 in Spellcasting
  3883 | D:4      | Reached * piety under Vehumet
  3883 | D:4      | Offered knowledge of Sandblast by Vehumet.
  3972 | D:4      | Learned a level 2 spell: Swiftness
  4276 | D:4      | Reached skill level 9 in Conjurations
  4333 | D:5      | Found a bloodstained altar of Trog.
  4335 | D:5      | Reached skill level 1 in Air Magic
  4699 | D:5      | Killed Sigmund
  4702 | D:5      | Reached XP level 8. HP: 34/41 MP: 15/16
  4907 | D:6      | Noticed Menkaure
  4909 | D:6      | Killed Menkaure
  4909 | D:6      | Reached skill level 10 in Conjurations
  4918 | D:6      | Reached skill level 5 in Air Magic
  5109 | D:6      | Offered knowledge of Freeze by Vehumet.
  5110 | D:6      | Reached ** piety under Vehumet
  5204 | D:6      | Reached skill level 11 in Conjurations
  5485 | D:6      | Reached XP level 9. HP: 42/45 MP: 17/17
  5543 | D:6      | Gained mutation: You are resistant to hostile enchantments. [mutagenic meat]
  5544 | D:6      | Gained mutation: You are partially covered in yellow scales (AC +2). [mutagenic meat]
  5545 | D:6      | Gained mutation: You have an increased reservoir of magic (+10% MP). [mutagenic meat]
  5546 | D:6      | Gained mutation: You can spit weak poison. [mutagenic meat]
  5849 | D:6      | Found an opulent altar of Gozag.
  6051 | D:7      | Found a sacrificial altar of Ru.
  6155 | D:7      | You fall through a shaft!
  6167 | D:8      | Reached skill level 12 in Conjurations
  6229 | D:8      | Offered knowledge of Static Discharge by Vehumet.
  6234 | D:8      | Learned a level 3 spell: Static Discharge
  7121 | D:7      | Found Diokhana's Weapon Shop.
  7214 | D:7      | Found a staircase to the Ecumenical Temple.
  7700 | D:7      | Reached *** piety under Vehumet
  8037 | D:8      | Reached skill level 5 in Dodging
  8495 | D:9      | Reached XP level 10. HP: 50/50 MP: 14/20
  8918 | D:9      | Offered knowledge of Mephitic Cloud by Vehumet.
  8926 | D:9      | Learned a level 3 spell: Mephitic Cloud
  9219 | D:9      | Found a shattered altar of Ashenzari.
  9284 | D:9      | Reached skill level 5 in Hexes
  9454 | D:10     | Entered Level 10 of the Dungeon
  9888 | D:10     | Killed an unseen horror
  9961 | D:10     | Got a steaming leather armour
 10007 | D:10     | Noticed Grum
 10011 | D:10     | Killed Grum
 10321 | D:10     | Found a large runed door.
 10321 | D:10     | Found a large runed door.
 10368 | D:10     | Reached XP level 11. HP: 54/54 MP: 23/23
 10406 | D:10     | Reached **** piety under Vehumet
 10461 | D:10     | Noticed a hill giant
 10474 | D:10     | Killed a hill giant
 10618 | D:10     | Offered knowledge of Bolt of Magma by Vehumet.
 11096 | D:10     | Reached skill level 10 in Dodging
 11235 | D:11     | Noticed a hill giant
 11446 | D:11     | Noticed axujen's ghost (novice KoBe)
 11737 | D:11     | HP: 2/54 [something (7)]
 11738 | D:11     | Slain by an unseen horror

Vault maps used:
D:1:      minmay_arrival_shattered_statue
D:2:      nicolae_qazlal_general_emergency
D:3:      tso_oasis_becter, nicolae_overflow_crystal_walls,
          makhleb_altar_promises_db, first_bread, serial_bayou_pond_c
D:4:      nicolae_gozag_seed_capital, uniq_duvessa
D:5:      portal_sewer_entry_d, trog_hazing_becter, uniq_sigmund
D:6:      kennysheep_mini, hangedman_decor_clover_reticule, uniq_menkaure
D:7:      overflow_temple_1_default, minmay_temple_entry_nine_rooms,
          serial_shops, nicolae_shop_trees
D:8:      grunt_ogre_cave, abandoned_shop
D:9:      kennysheep_little_box, hangedman_decor_growths
D:10:     lightli_elemental_guards, uniq_grum
D:11:     david_lair_shrubbed

Action                   |  1- 3 |  4- 6 |  7- 9 | 10-12 || total
-------------------------+-------+-------+-------+-------++-------
Melee: Unarmed           |     8 |     1 |       |     7 ||    16
 Cast: Magic Dart        |    58 |    89 |   147 |    45 ||   339
       Searing Ray       |     3 |    20 |    35 |    26 ||    84
       Iskenderun's Myst |       |     2 |    53 |    36 ||    91
       Fulminant Prism   |       |       |     5 |    53 ||    58
       Static Discharge  |       |       |     3 |       ||     3
       Mephitic Cloud    |       |       |       |     2 ||     2
       Swiftness         |       |       |       |     1 ||     1
 Abil: Fly               |       |       |       |     1 ||     1
  Use: Scroll            |       |     9 |     1 |       ||    10
  Eat: Chunk             |     2 |     8 |    28 |    18 ||    56
       Pizza             |       |       |       |     1 ||     1
       Fruit             |       |       |       |     2 ||     2
